AoeStats
← Vanadis

QS Arena

503267645Analyzed
4v4 RM · 1mo ago on Aug 30, 2026· 42m 3s· 8 players
Game mode
Random Map
Map size
Large (8 player)
Population
200
Speed
Normal
Resources
Standard
Victory
Conquest
Starting age
Dark Age
Ending age
Imperial Age
RankedLock teamsTeams togetherTeam positionsShared explorationLock speedFull tech treeHidden civsTurbo modeCheats
Victory
Defeat
🇲🇽 Celts · Mexico
1235
+6
🇲🇽 Gurjaras · Mexico
981
+16
🇨🇱 Armenians · Chile
907
+19
🇲🇽 Burmese · Mexico
899
+19
🇺🇸 Burgundians · United States
1021
-17
🇵🇹 Vikings · Portugal
982
-15
🇲🇽 Spanish · Mexico
958
-14
🇵🇪 Mongols · Peru
923
-12
Clueless Clown
4:38 Double-Bit Axe
4:39 Horse Collar
8:57 Feudal Age
11:11 Wheelbarrow
13:30 Castle Age
12:14 Bow Saw
12:08 Heavy Plow
12:03 Gold Mining
15:11 Loom
16:46 Hand Cart
18:03 Fervor
23:07 Two-Man Saw
23:32 Crop Rotation
23:42 Gold Shaft Mining
22:57 Stone Mining
27:14 Imperial Age
24:57 Scale Barding Armor
25:02 Forging
24:16 Cavalier
24:57 Husbandry
26:28 Chain Barding Armor
26:04 Fletching
26:37 Burgundian Vineyards
27:16 Iron Casting
28:19 Fortified Wall
27:49 Paladin
29:18 Conscription
29:12 Scale Mail Armor
29:48 Plate Barding Armor
30:45 Blast Furnace
29:40 Bodkin Arrow
30:24 Town Watch
32:06 Treadmill Crane
32:47 Ballistics
33:27 Chemistry
32:24 Murder Holes
31:54 Light Cavalry
33:50 Bracer
34:57 Scale Mail Armor
35:32 Caravan
35:42 Guilds
36:57 Chain Mail Armor
37:18 Pikeman
39:13 Plate Mail Armor
38:43 Padded Archer Armor
39:47 Flemish Revolution
Larry Canionga
9:07 Feudal Age
14:34 Castle Age
15:30 Horse Collar
16:30 Double-Bit Axe
16:54 Heavy Plow
26:26 Pikeman
38:46 Squires
41:01 Town Watch
41:52 Wheelbarrow
41:03 Loom
Bukowski
8:59 Feudal Age
13:01 Castle Age
11:13 Double-Bit Axe
11:33 Horse Collar
14:33 Bow Saw
19:55 Stone Mining
27:10 Imperial Age
24:26 Loom
24:26 Town Watch
24:46 Gold Mining
26:32 Town Patrol
26:45 Forging
26:35 Scale Mail Armor
27:24 Pikeman
28:59 Chain Mail Armor
29:20 Iron Casting
29:59 Elite Berserk
30:40 Chieftains
31:01 Conscription
32:37 Squires
32:22 Gambesons
32:23 Arson
32:44 Capped Ram
34:17 Plate Mail Armor
34:48 Blast Furnace
39:09 Siege Ram
Vanadis
0:47 Loom
11:22 Feudal Age
15:00 Castle Age
12:57 Horse Collar
15:39 Wheelbarrow
15:22 Double-Bit Axe
17:11 Hand Cart
17:54 Fortified Wall
19:11 Heavy Plow
BP Charly
9:08 Feudal Age
13:17 Castle Age
15:08 Loom
20:20 Horse Collar
22:51 Heavy Plow
29:11 Imperial Age
27:39 Bloodlines
27:30 Husbandry
27:53 Forging
27:48 Scale Barding Armor
29:15 Iron Casting
29:00 Chain Barding Armor
29:21 Wheelbarrow
29:48 Gold Mining
30:30 Elite Battle Elephant
32:12 Blast Furnace
31:48 Plate Barding Armor
32:53 Gold Shaft Mining
34:00 Chemistry
33:49 Stone Mining
Susheiro
2:50 Loom
8:11 Feudal Age
8:39 Feudal Age
13:28 Castle Age
12:33 Double-Bit Axe
12:29 Horse Collar
18:21 Bloodlines
18:11 Husbandry
18:29 Bow Saw
20:32 Scale Barding Armor
22:40 Chain Barding Armor
23:45 Forging
24:53 Wheelbarrow
25:31 Iron Casting
25:48 Gold Mining
30:53 Gold Shaft Mining
31:16 Hand Cart
32:19 Town Watch
32:31 Town Watch
32:38 Stone Mining
MEERIYEINMMD
9:44 Feudal Age
10:49 Double-Bit Axe
13:42 Castle Age
11:53 Horse Collar
13:20 Gold Mining
15:01 Bow Saw
17:41 Scale Mail Armor
17:52 Forging
18:21 Gold Shaft Mining
18:57 Man-at-Arms
19:23 Gambesons
20:03 Chain Mail Armor
19:40 Long Swordsman
22:18 Forging
25:32 Iron Casting
30:27 Pikeman
33:44 Imperial Age
31:51 Wheelbarrow
31:16 Town Watch
31:18 Loom
32:50 Heavy Plow
33:58 Halberdier
34:24 Arson
37:07 Conscription
38:50 Plate Mail Armor
39:21 Blast Furnace
38:43 Two-Handed Swordsman
40:23 Fortified Wall
40:25 Champion
ELEG TIRANO
7:52 Loom
10:39 Feudal Age
11:30 Double-Bit Axe
11:39 Gold Mining
14:27 Wheelbarrow
13:38 Town Watch
13:18 Man-at-Arms
13:44 Arson
15:39 Long Swordsman
21:43 Castle Age
19:31 Town Watch
19:28 Horse Collar
23:24 Gold Shaft Mining
23:00 Bow Saw
22:55 Heavy Plow
23:07 Bow Saw
22:53 Fletching
23:04 Padded Archer Armor
24:02 Bodkin Arrow
24:19 Forging
24:11 Scale Mail Armor
25:23 Crossbowman
25:26 Elite Skirmisher
26:49 Leather Archer Armor
26:40 Squires
27:58 Iron Casting
27:39 Chain Mail Armor
27:16 Gambesons
27:51 Two-Handed Swordsman
31:58 Champion
33:24 Pikeman
37:01 Hand Cart
37:58 Halberdier
39:10 Ballistics
Connection lost

Rejoining the realm…

Still unreachable

The connection could not be restored.

Session expired

The server has moved on; the page needs a fresh start.